 Dungeon Crawl Stone Soup version 0.30.1-11-g7821555f0a (webtiles) character file.

Game seed: 17632125546230604102

1998 anacleto the Slasher (level 9, -1/74 HPs)
             Began as a Pale Draconian Reaver on Dec 8, 2023.
             Was an Initiate of Vehumet.
             Slain by an orc warrior
             ... wielding a +0 dire flail
              (17 damage)
             ... on level 6 of the Dungeon.
             The game lasted 00:33:36 (8362 turns).

anacleto the Slasher (Pale Draconian Reaver)        Turns: 8362, Time: 00:33:36

Health: -1/74      AC:  7    Str: 13 (16) XL:     9   Next: 2%
Magic:  9/16       EV: 12    Int: 15 (16) God:    Vehumet [......]
Gold:   304        SH:  0    Dex:  9 (10) Spells: 6/17 levels left

rFire   . . .        a - +0 falchion
rCold   . . .        (no shield)
rNeg    + . .        (body armour unavailable)
rPois   .            (helmet restricted)
rElec   .            (no cloak)
rCorr   .            (no gloves)
SInv    .            (no boots)
Will    .....        (no amulet)
Stlth   +            d - ring of positive energy
HPRegen 0.32/turn    B - ring of wizardry
MPRegen 0.15/turn

%: wizardry (x1)
@: very slightly contaminated
A: breathe steam, AC +7, unfitting armour, cold-blooded, steam resistance
a: Breathe Steam, Renounce Religion


You were on level 6 of the Dungeon.
You worshipped Vehumet.
Vehumet was noncommittal.
You visited 2 branches of the dungeon, and saw 8 of its levels.

You collected 388 gold pieces.
You spent 84 gold pieces at shops.

Inventory:

Hand Weapons
 a - a +0 falchion (weapon)
Missiles
 c - 13 poisoned darts
 l - 34 stones
 D - a throwing net
 F - a boomerang
 H - 4 silver javelins
Jewellery
 d - a ring of positive energy (left hand)
 y - a ring of see invisible
 B - a ring of wizardry (right hand)
 G - an amulet of faith
Wands
 r - a wand of charming (6)
 C - a wand of quicksilver (7)
Scrolls
 b - a scroll of blinking {unknown}
 e - a scroll of teleportation
 f - a scroll of amnesia {unknown}
 i - 2 scrolls of fog {unknown}
 j - 2 scrolls of enchant armour {unknown}
 k - a scroll of enchant weapon {unknown}
 m - 3 scrolls of identify {unknown}
 q - a scroll of silence {unknown}
 s - a scroll of poison {unknown}
 t - a scroll of noise {unknown}
 u - a scroll of magic mapping {unknown}
 w - a scroll of brand weapon {unknown}
 x - a scroll of vulnerability {unknown}
Potions
 g - a potion of curing {unknown}
 h - 2 potions of mutation {unknown}
 n - a potion of ambrosia {unknown}
 o - a potion of magic {unknown}
 p - 3 potions of degeneration
 v - 2 potions of flight {unknown}
 z - a potion of brilliance {unknown}
 A - 3 potions of might {unknown}
 E - 2 potions of heal wounds {unknown}


   Skills:
 + Level 5.5 Fighting
 + Level 5.7 Long Blades
 - Level 1.7 Dodging
 + Level 4.8 Spellcasting
 + Level 5.7 Conjurations
 + Level 4.3 Transmutations
 + Level 4.6 Poison Magic


You had 6 spell levels left.
You knew the following spells:

 Your Spells              Type           Power      Damage    Failure   Level
a - Kiss of Death         Conj/Necr      48%        2d9       2%          1
b - Sting                 Tmut/Pois      68%        1d6       1%          1
c - Momentum Strike       Conj/Tloc      24%        3d8       3%          2
d - Poisonous Vapours     Pois/Air       20%        N/A       4%          2
e - Sandblast             Erth           6%         2d5       7%          1
f - Olgreb's Toxic Radia  Pois           17%        N/A       11%         4

Your spell library contained the following spells:

 Spells                   Type           Power      Damage    Failure   Level
 Passwall                 Tmut/Erth      8%         N/A       4%          2
 Hailstorm                Conj/Ice       12%        3d5       6%          3
 Stone Arrow              Conj/Erth      24%        3d8       6%          3
 Inner Flame              Hex/Fire       3%         N/A       21%         3
 Yara's Violent Unravell  Hex/Tmut       5%         3d4       56%         5
 Enfeeble                 Hex            1%         N/A       100%        7
 Borgnjor's Revivificati  Necr           1%         N/A       100%        8
 Necromutation            Tmut/Necr      5%         N/A       100%        8
 Death's Door             Necr           1%         N/A       100%        9


Dungeon Overview and Level Annotations

Branches:
Dungeon (7/15)             Temple (1/1) D:4

Altars:
Cheibriados
Dithmenos
Elyvilon
Fedhas
Gozag
Hepliaklqana
Kikubaaqudgha
Okawaru
Qazlal
Ru
Sif Muna
Trog
Uskayaw
Vehumet
Wu Jian
Xom
Yredelemnul
Zin
The Shining One

Shops:
D:4 *[

Annotations:
D:3 3 runed translucent doors, WalktheLine's ghost, amateur TrVM
D:4 1 runed translucent door, Crazy Yiuf


Innate Abilities, Weirdness & Mutations

You can breathe blasts of scalding, opaque steam.
Your pale cyan-grey scales are hard. (AC +7)
You cannot fit into any form of body armour.
You are cold-blooded and may be slowed by cold attacks.
You are immune to the effects of steam.


Message History

Confirm with . or Enter, or press ? or * to list all spells.
You miscast Olgreb's Toxic Radiance.
You are very lightly contaminated with residual magic.
Nothing appears to happen.
Casting: Olgreb's Toxic Radiance (dangerous; 10% risk of failure)
Confirm with . or Enter, or press ? or * to list all spells.
You miscast Olgreb's Toxic Radiance.
Nothing appears to happen.
You barely miss the orc. You punch the orc.
The orc is moderately wounded.
The orc barely misses you.
The orc warrior hits you with a +0 dire flail!
The orc closely misses you.
You climb upwards.
There is a stone staircase leading down, spattered with blood here.
You hit the orc warrior.
The orc warrior is lightly wounded.
The orc hits you with a +0 mace!
The orc warrior hits you with a +0 dire flail!
You barely miss the orc warrior.
You tail-slap the orc warrior, but do no damage.
The orc warrior is lightly wounded.
The orc hits you but does no damage.
The orc warrior hits you with a +0 dire flail!
You barely miss the orc warrior.
Your tail-slap misses the orc warrior.
The orc warrior is lightly wounded.
The orc hits you with a +0 mace!
* * * LOW HITPOINT WARNING * * *
The orc warrior barely misses you.
You hit the orc warrior but do no damage.
The orc warrior is lightly wounded.
The orc barely misses you.
The orc warrior hits you with a +0 dire flail!
* * * LOW HITPOINT WARNING * * *
Okay, then.
It was a potion of degeneration.
There was something very wrong with that liquid.
You feel weakened.
You feel dopey.
You feel clumsy. The orc barely misses you.
The orc warrior hits you with a +0 dire flail!
You die...

............# #..#
#.# #.# #
............###..#
#.###.# #
.....####........#
#.#...# # ######
#...###..#
#.#.######## #...#
#..# #.#.#......#
#...#
#..#####.#.#.####.#
#...#
#..#.....#.#.#....#
#...#
#oo#.#####.#.#.####
#...# #[@#.#
#.#.#...<# #####
####.# #.#.######
#.# #.#....... #.#
#.########
#.#####.########
#...............
#######.########
#.........
##########


You could see an orc warrior and an orc.

Vanquished Creatures
  Pikel (D:5)
  Grinder (D:3)
  A wyvern (D:6)
  A black bear (D:5)
  2 ice beasts (D:6)
  An ogre (D:5)
  A centaur (D:6)
  A phantom (D:4)
  A lemure (D:5)
  Blork the orc (D:4)
  A gnoll sergeant (D:6)
  3 hounds (D:5)
  2 iguanas
  A gnoll bouda (D:7)
  2 sleepcaps
  Jessica (D:2)
  Ijyb (D:3)
  Robin (D:3)
  12 gnolls
  5 adders
  2 white imps
  An ufetubus (D:6)
  A worm (D:4)
  4 dart slugs
  18 orcs
  5 endoplasms
  A giant cockroach (D:4)
  19 goblins
  6 hobgoblins
  6 jackals
  2 quokkas
  6 ball pythons
  7 bats
  4 frilled lizards
  7 kobolds
  8 rats
137 creatures vanquished.

Notes
Turn   | Place    | Note
-------+----------+-------------------------------------------
     0 | D:1      | anacleto the Draconian Reaver began the quest for the Orb.
     0 | D:1      | Reached XP level 1. HP: 17/17 MP: 3/3
    36 | D:1      | Learned a level 1 spell: Sting
   132 | D:1      | Reached XP level 2. HP: 19/23 MP: 5/5
   575 | D:1      | Found a faded altar of an unknown god.
   583 | D:1      | Reached XP level 3. HP: 30/30 MP: 6/6
   660 | D:1      | Reached skill level 1 in Poison Magic
   751 | D:2      | Noticed Jessica
  1164 | D:2      | Reached skill level 1 in Transmutations
  1368 | D:2      | Reached XP level 4. HP: 33/34 MP: 5/7
  1483 | D:2      | Found a basalt altar of Yredelemnul.
  1534 | D:2      | Learned a level 2 spell: Momentum Strike
  1537 | D:2      | Learned a level 2 spell: Poisonous Vapours
  1688 | D:2      | Killed Jessica
  1947 | D:3      | Noticed Grinder
  1961 | D:3      | Killed Grinder
  1962 | D:3      | Reached XP level 5. HP: 32/45 MP: 3/9
  1962 | D:3      | Reached XP level 6. HP: 36/51 MP: 3/10
  2033 | D:3      | Found a shadowy altar of Dithmenos.
  2091 | D:3      | Noticed Robin
  2110 | D:3      | Killed Robin
  2270 | D:3      | Found a runed translucent gate.
  2270 | D:3      | Found a runed translucent gate.
  2271 | D:3      | Found a runed translucent gate.
  2274 | D:3      | Noticed WalktheLine's ghost (amateur TrVM)
  2474 | D:3      | Found an opulent altar of Gozag.
  2519 | D:3      | Learned a level 1 spell: Sandblast
  2559 | D:3      | Noticed Ijyb
  2573 | D:3      | Killed Ijyb
  2803 | D:3      | Found a shimmering altar of Xom.
  3044 | D:4      | Noticed Blork the orc
  3055 | D:4      | Killed Blork the orc
  3241 | D:4      | Found a staircase to the Ecumenical Temple.
  3487 | D:4      | Found Yworch's Armour Shop.
  3488 | D:4      | Found Piobbausch's Assorted Antiques.
  3496 | D:4      | Bought a bubbling silvery potion for 27 gold pieces
  3496 | D:4      | Bought an amethyst potion for 27 gold pieces
  3496 | D:4      | Bought a scroll labelled UHIP RYDOPI for 30 gold pieces
  3498 | D:4      | Found a runed translucent door.
  3498 | D:4      | Noticed Crazy Yiuf
  3541 | D:4      | Your scales start taking on a pale cyan-grey colour.
  3541 | D:4      | Reached XP level 7. HP: 36/58 MP: 12/12
  3541 | D:4      | Gained mutation: You are immune to the effects of steam.
                  | [Pale Draconian growth]
  4003 | D:4      | Found a snail-covered altar of Cheibriados.
  4233 | Temple   | Entered the Ecumenical Temple
  4627 | Temple   | Became a worshipper of Vehumet
  4714 | D:5      | Entered Level 5 of the Dungeon
  5373 | D:5      | Noticed Pikel
  5395 | D:5      | Killed Pikel
  5396 | D:5      | Reached skill level 5 in Long Blades
  5396 | D:5      | Reached skill level 5 in Conjurations
  5396 | D:5      | Reached XP level 8. HP: 10/67 MP: 1/14
  6227 | D:5      | Learned a level 4 spell: Olgreb's Toxic Radiance
  6451 | D:6      | Reached skill level 5 in Fighting
  6736 | D:6      | Found a hazy altar of Hepliaklqana.
  7244 | D:6      | Found a glowing golden altar of the Shining One.
  7449 | D:6      | Found a stormy altar of Qazlal.
  8088 | D:6      | Reached XP level 9. HP: 21/74 MP: 13/16
  8362 | D:6      | Slain by an orc warrior

Illustrated notes

Levels and vault maps discovered:
D:1:      minmay_arrival_open_corners, layout_basic, basic_ecumenical_altar
D:2:      layout_basic, basic_altar, uniq_jessica
D:3:      layout_loops_ring, grunt_gozag_breadcrumbs, xom_teletrap_fun,
          mainiacjoe_overflow_six_doors_small, gammafunk_ghost_necromancy,
          uniq_grinder, uniq_robin, uniq_ijyb
D:4:      nicolae_BIG_FREAKIN_CUBE, layout_rooms, general_overflow_altar,
          lemuel_temple_firewalk_a, grunt_decor_clamped,
          nicolae_wooded_promenade, minmay_misc_feat_columns,
          uniq_blork_the_orc, uniq_crazy_yiuf_cottage
D:5:      layout_loops_cross, uniq_pikel
D:6:      layout_basic, marbit_many_paths, nicolae_qazlal_scattered_showers,
          lemuel_tele_altar
D:7:      layout_loops_cross, minmay_fractal_squares_diagonal_5
Temple:   minmay_temple_curvy_loop

Skill      XL: |  1  2  3  4  5  6  7  8 |
---------------+-------------------------+-----
Poison Magic   | 1 2 3 4 |  4.6
Transmutations | 1 2 3 4 |  4.3
Fighting       | 3 4 5 |  5.5
Spellcasting   | 3 4 |  4.8
Conjurations   | 4 5 |  5.7
Long Blades    | 4 5 |  5.7
Dodging        | |  1.7

Action                     |  1- 3 |  4- 6 |  7- 9 || total
---------------------------+-------+-------+-------++-------
  Melee: Falchion          |   124 |   130 |   237 ||   491
         Tailslap          |    11 |    24 |    51 ||    86
         Punch             |       |     1 |     6 ||     7
   Cast: Kiss of Death     |     2 |     1 |     4 ||     7
         Sting             |     1 |     4 |     1 ||     6
         Poisonous Vapours |       |    18 |    28 ||    46
         Momentum Strike   |       |     6 |    15 ||    21
         Sandblast         |       |     2 |     6 ||     8
         Olgreb's Toxic Ra |       |       |     5 ||     5
Ability: Breathe Steam     |       |       |     1 ||     1
    Use: Scroll            |       |     2 |     2 ||     4
         Potion            |       |       |     1 ||     1
 Armour: Skin              |    59 |    58 |   106 ||   223
  Dodge: Dodged            |   105 |    77 |   235 ||   417
